 Seeded DCSS version 0.27-a0-101-g3cb999cee2 (webtiles) character file.

Game seed: 20210120 (custom seed)

7 muata the Sneak (level 1, 9/9 HPs)
             Began as a Spriggan Enchanter on Jan 20, 2021.
             Quit the game on level 1 of the Dungeon on Jan 22, 2021.
             The game lasted 00:01:39 (421 turns).

muata the Sneak (Spriggan Enchanter)                 Turns: 421, Time: 00:01:40

Health: 9/9        AC:  2    Str:  4    XL:     1   Next: 83%
Magic:  5/5        EV: 18    Int: 16    God:
Gold:   6          SH:  0    Dex: 16    Spells: 4/5 levels left

rFire    . . .     SeeInvis +   a - +1 dagger
rCold    . . .     Faith    .   (shield restricted)
rNeg     . . .     Spirit   .   b - +0 robe
rPois    .         Reflect  .   (helmet restricted)
rElec    .         Harm     .   (no cloak)
rCorr    .         Rampage  .   (gloves unavailable)
Will     .....                  (boots unavailable)
Stlth    +++.......             (no amulet)
HPRegen  0.03/turn              (no ring)
MPRegen  0.09/turn              (no ring)

@: very quick
A: very small, unfitting armour, see invisible, speed 3
a: no special abilities


You were on level 1 of the Dungeon.
You visited 1 branch of the dungeon, and saw 1 of its levels.

You collected 6 gold pieces.

Inventory:

Hand Weapons
 a - a +1 dagger (weapon)
Armour
 b - a +0 robe (worn)
Scrolls
 d - 4 scrolls of remove curse {unknown}
 e - a scroll of enchant armour {unknown}
Potions
 c - 2 potions of haste {unknown}
 f - a potion of attraction {unknown}
 g - a potion of magic {unknown}
 h - a potion of curing {unknown}


   Skills:
 - Level 1.1 Short Blades
 + Level 3.2 Dodging
 + Level 4.6 Stealth
 + Level 2.9 Spellcasting
 + Level 3.8 Hexes


You had 4 spell levels left.
You knew the following spells:

 Your Spells              Type           Power        Failure   Level
a - Corona                Hex            15%          4%          1

Your spell library contained the following spells:

 Spells                   Type           Power        Failure   Level
 Confusing Touch          Hex            14%          12%         3
 Tukima's Dance           Hex            14%          12%         3
 Ensorcelled Hibernation  Hex/Ice        16%          13%         2
 Dazzling Flash           Conj/Hex       16%          26%         3


Dungeon Overview and Level Annotations

Branches:
Dungeon (1/15)

Altars:


Innate Abilities, Weirdness & Mutations

You are very small and have problems with some larger weapons.
You are too small for most types of armour.
You have supernaturally acute eyesight. (SInv)
You cover ground extremely quickly.


Message History

Found a scroll labelled QICIAFU MEOZOA.
Found a stone staircase leading down.
There is an open door here.
The rat misses you.
You hit the rat.
You kill the rat!
You see here a rat corpse.
d - 4 scrolls labelled QICIAFU MEOZOA (gained 1)
h - a dark potion You open the door.
There is an open door here.
You open the door.
A kobold comes into view.
A kobold is nearby!
There is an open door here.
Number of times to repeat, then command key: You must enter the number of times for the command to repeat.
Welcome back, muata the Spriggan Enchanter.
Game seed: 20210120 (custom seed) Press ? for a list of commands and other information.
Are you sure you want to abandon this character and quit the game? (Confirm with "yes".)

#.# #.###.# ##.....## #......#
#.###..##.###.......## ##.#...##
#.........##.........####...#.##
...........†.........'.......##
#####...####.........####...## #
#..## ##.......## #..## # #...#
##.....## #.## # ###.# ##...##
#.# # .# ##@## #.# # .. #.# #.#
#.# #.# #.# ... K.. ... .....


You could see a kobold (asleep).

Vanquished Creatures
  A leopard gecko (D:1)
  A ball python (D:1)
  3 bats (D:1)
  A rat (D:1)
6 creatures vanquished.

Notes
Turn   | Place    | Note
-------+----------+-------------------------------------------
     0 | D:1      | muata the Spriggan Enchanter began the quest for the Orb.
     0 | D:1      | Reached XP level 1. HP: 9/9 MP: 5/5
   421 | D:1      | Upgraded the game from 0.27-a0-96-gb51a1d6fd6 to
                  | 0.27-a0-101-g3cb999cee2
   421 | D:1      | Quit the game

Illustrated notes

Levels and vault maps discovered:
D:1:      heliophobic_arrival_ceremonial_halls, layout_loops_corners

Action                   || total
-------------------------++-------
Melee: Dagger            ||    19
 Cast: Corona            ||     2
 Stab: Sleeping          ||     2
Armor: Robe              ||     2
Dodge: Dodged            ||    21

Table legend: (Time is in decaauts)
 A = Elapsed time spent in this place.
 B = Non-inter-level travel time spent in this place.
 C = Inter-level travel time spent in this place.
 D = Time resting spent in this place.
 E = Time spent auto-exploring this place.
 F = Levels seen in this place.
 G = Mean time per level.
                   A        B        C        D        E       F      G
               +--------+--------+--------+--------+--------+-----+--------+
         Total |    333 |    333 |      0 |    167 |     99 |   1 |  333.0 |
       Dungeon |    333 |    333 |      0 |    167 |     99 |   1 |  333.0 |
               +--------+--------+--------+--------+--------+-----+--------+

Top non-repeatable levels by time:
     D:1: 333 daAuts
